 Dungeon Crawl Stone Soup version 0.28.0 (webtiles) character file.

Game seed: 717975169295049457

135 zeram the Covert (level 5, 0/34 HPs)
             Began as an Octopode Brigand on Feb 13, 2022.
             Killed by divine providence
             ... invoked by an orc priest
              (7 damage)
             ... on level 4 of the Dungeon.
             The game lasted 00:02:52 (3100 turns).

zeram the Covert (Octopode Brigand)                 Turns: 3100, Time: 00:02:53

Health: 0/34       AC:  1    Str: 11    XL:     5   Next: 18%
Magic:  5/5        EV: 13    Int: 15    God:
Gold:   104        SH:  0    Dex: 13    Spells: 4/4 levels left

rFire   . . .      SeeInvis .   a - +2 dagger
rCold   . . .      Faith    .   (no shield)
rNeg    . . .      Spirit   .   (helmet restricted)
rPois   .          Reflect  .   (no amulet)
rElec   .          Harm     .   (no ring)
rCorr   .          Rampage  .   (no ring)
Will    .....                   (no ring)
Stlth   +++++.....              (no ring)
HPRegen 0.11/turn               (no ring)
MPRegen 0.09/turn               (no ring)
                                (no ring)
                                (no ring)

@: no status effects
A: almost no armour, amphibious, 8 rings, camouflage 1, gelatinous body 1,
(nimble swimmer 1), tentacles
a: no special abilities


You were on level 4 of the Dungeon.
You visited 1 branch of the dungeon, and saw 4 of its levels.

You collected 104 gold pieces.

Inventory:

Hand Weapons
 a - a +2 dagger (weapon)
Missiles
 b - 13 poisoned darts (quivered)
 c - 2 curare-tipped darts
Jewellery
 e - a ring of ice
 o - a ring of flight
Wands
 m - a wand of paralysis (4)
Scrolls
 d - a scroll of vulnerability
 g - 3 scrolls of teleportation
Potions
 f - 2 potions of attraction
 h - a potion of berserk rage {unknown}
 i - 2 potions of curing
 j - a potion of resistance
 k - a potion of heal wounds {unknown}
 l - a potion of might {unknown}
 n - a potion of mutation {unknown}


   Skills:
 - Level 2.0 Fighting
 + Level 2.7 Short Blades
 - Level 2.0 Throwing
 + Level 1.4 Dodging
 + Level 8.1 Stealth


You had 4 spell levels left.
You didn't know any spells.
Your spell library contained the following spells:

 Spells                   Type           Power      Damage    Failure   Level
 Inner Flame              Hex/Fire       0%         N/A       63%         3
 Cause Fear               Hex            0%         N/A       95%         4
 Discord                  Hex            0%         N/A       100%        8


Dungeon Overview and Level Annotations

Branches:
Dungeon (4/15)
 Temple: D:4-7

Altars:
Qazlal
Sif Muna
Vehumet

Annotations:
D:4 Pikel


Innate Abilities, Weirdness & Mutations

You cannot wear most types of armour.
You are amphibious.
You can wear up to eight rings at the same time.
Your skin changes colour to match your surroundings (Stealth+).
Your rubbery body absorbs attacks. (AC +1, EV +1)
((You are camouflaged when in or above water. (Stealth+)))
You have tentacles for arms and can constrict up to eight enemies at once.


Message History

You spit the endoplasm like a pig!!!
You kill the endoplasm!
No target in view!
A lemure comes into view.
A lemure is nearby!
A lemure is nearby!
A lemure is nearby!
Pikel, Merchant of Souls comes into view.
He is wielding a +0 whip of freezing.
A lemure comes into view.
The lemure shouts! x2; You hear a shout! x2
A lemure comes into view.
A lemure comes into view.
An orc comes into view. It is wielding a +0 club.
The lemure moves out of view.
Found an escape hatch in the ceiling.
An orc priest comes into view. It is wielding a +0 mace.
The lemure hits you!
The lemure shouts!
The orc priest shouts!
You hit the lemure. You grab the lemure.
The lemure is lightly wounded.
You constrict the lemure, but do no damage.
You hear a shout! x2
The lemure hits you but does no damage.
You hit the lemure.
The lemure is lightly wounded.
You constrict the lemure, but do no damage.
The lemure hits you.
You completely miss the lemure.
The lemure is lightly wounded.
You constrict the lemure, but do no damage.
The lemure hits you.
You are too injured to fight recklessly!
Unknown command.
You release your grip on the lemure.
The orc priest begins to cast a cantrip, but forgets the words!
The lemure hits you!
* * * LOW HITPOINT WARNING * * *
The orc priest mumbles some strange prayers to Beogh against you.
Beogh smites you!
You die...

#### ##... ##..##### #....
#...##..## ######..##
##...#....# ##....#..##
#.........# #.....#..##
###.......####........##
#....#....#.....#.)..##
###.##.#.......###.#...
#.##@###..##.####...#
##.5..##..###.#.#...##
###.o5...#...#........#
#...K....#...........##
#...5........##....#.###
#.o##.........[..###...#
#.......5........####..##.....
##..............## ##.##..#.#
#......5.......# #...#.##..


You could see Pikel, 4 lemures, an orc priest and an orc.

Vanquished Creatures
  An orc priest (D:3)
  4 adders
  2 dart slugs
  6 orcs
  3 bats
  7 endoplasms
  A giant cockroach (D:1)
  5 goblins
  8 hobgoblins
  2 jackals (D:1)
  4 kobolds
  A quokka (D:4)
  4 ball pythons
  4 frilled lizards
  3 rats
55 creatures vanquished.

Notes
Turn   | Place    | Note
-------+----------+-------------------------------------------
     0 | D:1      | zeram the Octopode Brigand began the quest for the Orb.
     0 | D:1      | Reached XP level 1. HP: 14/14 MP: 1/1
   223 | D:1      | Reached XP level 2. HP: 19/19 MP: 2/2
   310 | D:1      | Reached skill level 6 in Stealth
  1021 | D:2      | Reached XP level 3. HP: 24/24 MP: 3/3
  1601 | D:2      | Reached skill level 7 in Stealth
  1601 | D:2      | Reached XP level 4. HP: 29/29 MP: 4/4
  2067 | D:3      | Found a faded altar of an unknown god.
  2282 | D:3      | Reached XP level 5. HP: 34/34 MP: 5/5
  2402 | D:3      | Reached skill level 8 in Stealth
  2750 | D:3      | Found a radiant altar of Vehumet.
  2753 | D:3      | Found a stormy altar of Qazlal.
  2757 | D:3      | Found a shimmering blue altar of Sif Muna.
  3087 | D:4      | Noticed a lemure
  3088 | D:4      | Noticed Pikel
  3089 | D:4      | Noticed a lemure
  3089 | D:4      | Noticed a lemure
  3090 | D:4      | Noticed a lemure
  3100 | D:4      | Killed from afar by an orc priest

Illustrated notes

Levels and vault maps discovered:
D:1:      lightli_arrival_chessboard, layout_loops_corners, serial_glass,
          glass_columns_b, glass_columns_b, glass_columns_b, glass_columns_a,
          glass_columns_b, glass_columns_c, glass_columns_b, glass_columns_a,
          glass_columns_a, glass_columns_b, glass_columns_a, glass_columns_b,
          glass_columns_b, glass_columns_b
D:2:      layout_loops_ring
D:3:      layout_loops_ring, grunt_temple_overflow_diamond,
          ebering_ecumenical_altar_abandoned
D:4:      layout_cave_pools, uniq_pikel

Skill      XL: |  1  2  3  4  5 |
---------------+----------------+-----
Stealth        | 6 7 8 |  8.1
Fighting       | |  2.0
Short Blades   | |  2.7
Throwing       | |  2.0
Dodging        | |  1.4

Action                   |  1- 3 |  4- 6 || total
-------------------------+-------+-------++-------
Melee: Dagger            |    52 |    34 ||    86
       Tentacles         |    11 |     3 ||    14
       Constrict         |     9 |     5 ||    14
       Punch             |       |     1 ||     1
  Use: Scroll            |     4 |     2 ||     6
 Stab: Sleeping          |    18 |    14 ||    32
Armor: Skin              |     4 |     2 ||     6
Dodge: Dodged            |    14 |     9 ||    23
